 Dungeon Crawl Stone Soup version 0.25.1-2-g60ff931df9 (webtiles) character file.

Game seed: 18431085032148468780

520 DogServant the Poker (level 7, -19/50 HPs)
             Began as a Merfolk Skald on Nov 10, 2020.
             Was an Initiate of Okawaru.
             Demolished by an ogre
             ... wielding a +0 giant club
              (23 damage)
             ... on level 5 of the Dungeon.
             The game lasted 00:06:22 (5751 turns).

DogServant the Poker (Merfolk Skald)                Turns: 5751, Time: 00:06:22

Health: -19/50     AC:  4    Str: 13    XL:     7   Next: 21%
Magic:  10/10      EV: 14    Int: 13    God:    Okawaru [......]
Gold:   146        SH:  0    Dex: 13    Spells: 2/10 levels left

rFire    . . .     SeeInvis .   a - +0 spear
rCold    + . .     Gourm    .   (no shield)
rNeg     . . .     Faith    .   b - +0 leather armour
rPois    .         Spirit   .   (no helmet)
rElec    .         Reflect  .   i - +0 cloak
rCorr    .         Harm     .   (no gloves)
MR       .....                  (no boots)
Stlth    +.........             s - amulet of magic regeneration (curse)
HPRegen  0.16/turn              n - ring of protection from cold
MPRegen  0.37/turn              (no ring)

@: no status effects
A: change form in water, swift swim, stealthy swim
a: Renounce Religion


You were on level 5 of the Dungeon.
You worshipped Okawaru.
Okawaru was noncommittal.
You were hungry.

You visited 2 branches of the dungeon, and saw 6 of its levels.

You collected 146 gold pieces.

Inventory:

Hand Weapons
 a - a +0 spear (weapon)
Missiles
 o - 5 poisoned darts (quivered)
Armour
 b - a +0 leather armour (worn)
 i - a +0 cloak (worn)
Jewellery
 n - a ring of protection from cold (left hand)
 s - a cursed amulet of magic regeneration (around neck)
Wands
 z - a wand of random effects (14)
 A - a wand of flame (17)
Scrolls
 f - a scroll of remove curse {unknown}
 g - a scroll of magic mapping {unknown}
 j - 5 scrolls of identify
 m - 2 scrolls of enchant armour {unknown}
 p - a scroll of fear {unknown}
 r - 2 scrolls of immolation {unknown}
 v - a scroll of amnesia {unknown}
 x - a scroll of enchant weapon {unknown}
 y - 3 scrolls of random uselessness {unknown}
 C - a scroll of holy word {unknown}
Potions
 c - 2 potions of stabbing
 e - a potion of haste {unknown}
 h - 2 potions of lignification {unknown}
 k - 2 potions of heal wounds {unknown}
 l - a potion of berserk rage {unknown}
 q - a potion of resistance {unknown}
 t - 2 potions of curing {unknown}
 u - a potion of degeneration {unknown}
 w - a potion of flight {unknown}
Comestibles
 d - 5 rations
 B - 4 chunks of flesh


   Skills:
 - Level 2.1 Fighting
 + Level 7.7 Polearms
 - Level 0.6 Armour
 + Level 5.4 Dodging
 - Level 2.0 Spellcasting
 + Level 1.3 Hexes
 + Level 5.2 Charms


You had 2 spell levels left.
You knew the following spells:

 Your Spells              Type           Power        Failure   Level  Hunger
a - Infusion              Chrm           ##..         3%          1    ##.....
b - Song of Slaying       Chrm           ##......     6%          2    ###....
c - Shroud of Golubria    Chrm/Tloc      #.....       17%         2    ###....
d - Spectral Weapon       Hex/Chrm       #.......     26%         3    ####...

Your spell library contained the following spells:

 Spells                   Type           Power        Failure   Level  Hunger
 Corona                   Hex            #......      19%         1    ##.....
 Animate Skeleton         Necr           N/A          32%         1    ##.....
 Apportation              Tloc           #.....       32%         1    ##.....
 Summon Small Mammal      Summ           #...         32%         1    ##.....
 Ozocubu's Armour         Chrm/Ice       #.......     32%         3    ####...


Dungeon Overview and Level Annotations

Branches:
Dungeon (5/15)             Temple (1/1) D:4

Altars:
Cheibriados
Dithmenos
Elyvilon
Fedhas
Gozag
Hepliaklqana
Kikubaaqudgha
Nemelex Xobeh
Okawaru
Ru
Vehumet
Wu Jian
Xom
Yredelemnul

Annotations:
D:2 exclusion: oklob plant
D:3 1 runed translucent door, Crazy Yiuf


Message History

Found a ration.
Found a ration and a red potion.
Throwing (i - inventory)
o - 7 poisoned darts (quivered)
Press: ? - help, Shift-Dir - straight line, f/p - ogre
Aim: an ogre, wielding a +0 giant club (moderately wounded, very poisoned)
You throw a poisoned dart.
The poisoned dart closely misses the ogre.
The ogre closely misses you.
Throwing (i - inventory)
o - 6 poisoned darts (quivered)
Press: ? - help, Shift-Dir - straight line, f/p - ogre
Aim: an ogre, wielding a +0 giant club (moderately wounded, very poisoned)
You throw a poisoned dart. The poisoned dart hits the ogre.
The ogre is moderately wounded.
You barely miss the ogre.
The ogre is almost dead.
The ogre misses you.
You hit the ogre.
The ogre is almost dead.
The ogre hits you with a +0 giant club!!
You die...

..>###........#
..(.........##
....####.(...##
..... #.......##
...######.#....#
.... .#.#....###
....
...........#
....
#...!......# ...
#........O@#
#.........##
#.......###
........#
.####...# .....
##.#


You could see an ogre (poisoned).

Vanquished Creatures
  Sigmund (D:2)
  A centaur (D:5)
  A howler monkey (D:5)
  2 hounds (D:5)
  2 worker ants (D:5)
  9 adders
  An ooze (D:3)
  An adder skeleton (D:5)
  2 worms (D:4)
  A dart slug (D:3)
  5 leopard geckos
  An orc (D:3)
  2 ball pythons
  2 giant cockroaches
  3 goblins
  3 hobgoblins
  3 kobolds
  A ball python skeleton (D:5)
  5 frilled lizards
  5 rats
51 creatures vanquished.

Notes
Turn   | Place    | Note
-------+----------+-------------------------------------------
     0 | D:1      | DogServant the Merfolk Skald began the quest for the Orb.
     0 | D:1      | Reached XP level 1. HP: 16/16 MP: 3/3
     1 | D:1      | Noticed an electric eel
   741 | D:2      | Noticed Sigmund
   766 | D:3      | Reached XP level 2. HP: 22/22 MP: 5/5
   959 | D:3      | Found a sacrificial altar of Ru.
  1144 | D:3      | Reached skill level 4 in Polearms
  1151 | D:3      | Found a sparkling altar of Nemelex Xobeh.
  1154 | D:3      | Reached XP level 3. HP: 27/27 MP: 0/6
  1669 | D:3      | Learned a level 2 spell: Song of Slaying
  1672 | D:3      | Learned a level 2 spell: Shroud of Golubria
  1748 | D:3      | Found a runed translucent door.
  1749 | D:3      | Noticed Crazy Yiuf
  1938 | D:4      | Noticed a phantom
  2805 | D:2      | Reached XP level 4. HP: 27/33 MP: 7/7
  2885 | D:2      | Killed Sigmund
  2885 | D:2      | Reached skill level 6 in Polearms
  2885 | D:2      | Reached XP level 5. HP: 32/38 MP: 8/8
  3016 | D:2      | Reached XP level 6. HP: 35/44 MP: 9/9
  3546 | D:2      | Found a blossoming altar of Fedhas.
  3559 | D:2      | Noticed an oklob plant
  3674 | D:2      | Found a white marble altar of Elyvilon.
  4095 | D:4      | Found a staircase to the Ecumenical Temple.
  4192 | Temple   | Entered the Ecumenical Temple
  4422 | Temple   | Became a worshipper of Warmaster Okawaru
  4576 | D:5      | Entered Level 5 of the Dungeon
  4589 | D:5      | Reached skill level 7 in Polearms
  4589 | D:5      | Reached skill level 5 in Dodging
  4753 | D:5      | Learned a level 3 spell: Spectral Weapon
  5303 | D:5      | Reached skill level 5 in Charms
  5437 | D:5      | Reached XP level 7. HP: 34/50 MP: 10/10
  5566 | D:5      | Reached skill level 1 in Hexes
  5733 | D:5      | HP: 1/50 [ogre/+0 giant club (24)]
  5751 | D:5      | Demolished by an ogre

Illustrated notes

Levels and vault maps discovered:
D:1:      arrival_aquarium_a, layout_basic
D:2:      layout_rooms, elyvilon_altar_1, tgw_fedhas, first_ration,
          minmay_octomino_j4, uniq_sigmund
D:3:      layout_loops_ring, nicolae_ru_sacrificial_ziggurat,
          overflow_temple_1_default, uniq_crazy_yiuf_cottage
D:4:      layout_loops_ring, minmay_temple_entry_stoned_glass
D:5:      layout_cave_pools, minitemple
Temple:   dpeg_chambers_temple

Skill      XL: |  1  2  3  4  5  6  7 |
---------------+----------------------+-----
Dodging        | 3 4 5 |  5.4
Polearms       | 4 6 7 |  7.7
Charms         | 4 5 |  5.2
Hexes          | 1 |  1.3
Fighting       | |  2.1
Armour         | |  0.6
Spellcasting   | |  2.0

Action                   |  1- 3 |  4- 6 |  7- 9 || total
-------------------------+-------+-------+-------++-------
Melee: Spear             |   123 |   104 |    31 ||   258
Throw: Dart              |     4 |    47 |    13 ||    64
 Cast: Infusion          |    16 |     1 |       ||    17
  Use: Scroll            |       |       |     1 ||     1
  Eat: Chunk             |     3 |     5 |       ||     8
       Ration            |     1 |     1 |       ||     2
Armor: Leather armour    |    13 |    21 |     4 ||    38
Dodge: Dodged            |    54 |    60 |    25 ||   139
